 Dungeon Crawl Stone Soup version 0.31-a0-75-g6fe912e8c5 (webtiles) character file.

Game seed: 13317566159689669235

17136 bande the Cleaver (level 12, 0/75 HPs)
             Began as a Gargoyle Fighter on May 23, 2023.
             Slain by a skeletal warrior
             ... wielding a +0 hand axe
              (4 damage)
             ... on level 13 of the Dungeon.
             The game lasted 00:25:34 (14475 turns).

bande the Cleaver (Gargoyle Fighter)               Turns: 14475, Time: 00:25:35

Health: 0/75       AC: 33    Str: 21    XL:     12   Next: 44%
Magic:  12/12      EV:  7    Int:  9    God:
Gold:   1051       SH: 17    Dex: 13    Spells: 11/11 levels left

rFire   + . .        a - +1 war axe (heavy)
rCold   . . .        w - +1 tower shield {reflect}
rNeg    + . .        c - +0 crystal plate armour
rPois   ∞            h - +1 hat
rElec   +            (no cloak)
rCorr   .            m - +1 pair of gloves
SInv    .            o - +0 pair of boots
Will    .....        q - amulet of faith Stlth
                     k - ring of protection from fire
HPRegen 1.12/turn    G - +5 ring of evasion
MPRegen 0.13/turn

%: reflection, faith
@: no status effects
A: sickness immunity, AC +8, negative energy resistance 1, electricity
resistance, torment resistance 1, petrification resistance, regeneration 1
a: no special abilities


You were on level 13 of the Dungeon.
You visited 2 branches of the dungeon, and saw 13 of its levels.
You also visited: Bailey.

You collected 1237 gold pieces.
You spent 186 gold pieces at shops.

Inventory:

Hand Weapons
 a - a +1 heavy war axe (weapon)
 p - a +2 flail of draining
 A - a +0 war axe
Armour
 c - a +0 crystal plate armour (worn)
 h - a +1 hat (worn)
 m - a +1 pair of gloves (worn)
 o - a +0 pair of boots (worn)
 w - a +1 tower shield of reflection (worn)
Jewellery
 d - an amulet of magic regeneration
 e - a ring of fire
 j - a ring of magical power
 k - a ring of protection from fire (left hand)
 n - a ring of protection from fire
 q - an amulet of faith (around neck)
 t - a ring of positive energy
 E - a ring of protection from fire
 F - a ring of see invisible
 G - a +5 ring of evasion (right hand)
 I - a ring of protection from cold
Wands
 l - a wand of flame (27)
 u - a wand of iceblast (7)
 y - a wand of mindburst (4)
 z - a wand of charming (4)
 D - a wand of polymorph (7)
Scrolls
 f - a scroll of enchant weapon
 g - 2 scrolls of teleportation
 i - 4 scrolls of identify
 s - 4 scrolls of enchant armour
 x - 3 scrolls of blinking
 B - a scroll of fog
Potions
 b - 4 potions of mutation
 r - 3 potions of magic
 v - a potion of heal wounds
 C - a potion of brilliance
 H - a potion of enlightenment


   Skills:
 + Level 8.6 Fighting
 + Level 11.5 Axes
 + Level 9.7 Armour
 - Level 0.2 Stealth
 + Level 10.3 Shields
 * Level 6.7 Evocations


You had 11 spell levels left.
You didn't know any spells.
Your spell library contained the following spells:

 Spells                   Type           Power      Damage    Failure   Level
 Apportation              Tloc           0%         N/A       100%        1
 Freeze                   Ice            0%         1d3       100%        1
 Kiss of Death            Conj/Necr      0%         2d5       100%        1
 Necrotise                Necr           0%         1d4       100%        1
 Summon Small Mammal      Summ           0%         N/A       100%        1
 Ensorcelled Hibernation  Hex/Ice        0%         N/A       100%        2
 Passwall                 Tmut/Erth      0%         N/A       100%        2
 Frozen Ramparts          Ice            0%         1d1       100%        3
 Gell's Gravitas          Tloc           0%         N/A       100%        3
 Hailstorm                Conj/Ice       0%         3d3       100%        3
 Spider Form              Tmut/Pois      0%         N/A       100%        3
 Swiftness                Air            0%         N/A       100%        3
 Teleport Other           Tloc           0%         N/A       100%        3
 Anguish                  Hex/Necr       0%         N/A       100%        4
 Ice Form                 Ice/Tmut       0%         N/A       100%        4
 Agony                    Necr           0%         N/A       100%        5
 Blade Hands              Tmut           0%         N/A       100%        5
 Irradiate                Conj/Tmut      0%         3d11      100%        5
 Dispersal                Tloc           0%         N/A       100%        6
 Simulacrum               Ice/Necr       0%         N/A       100%        6
 Dragon Form              Tmut           0%         N/A       100%        7
 Death's Door             Necr           0%         N/A       100%        9
 Sublimation of Blood     Necr           Unusable   N/A       N/A         2

Dungeon Overview and Level Annotations

Branches:
Dungeon (13/15)            Temple (1/1) D:4            Lair (0/5) D:8
 Bailey (visited)
    Orc: D:9-12      Vaults: D:13-14

Altars:
Ashenzari
Cheibriados
Dithmenos
Elyvilon
Fedhas
Gozag
Hepliaklqana
Kikubaaqudgha
Nemelex Xobeh
Okawaru
Qazlal
Ru
Sif Muna
Trog
Uskayaw
Vehumet
Wu Jian
Xom
Zin
The Shining One

Shops:
D:1 !==   D:4 :   D:6 [*[*   D:9 :   D:11 *


Innate Abilities, Weirdness & Mutations

You are immune to sickness and miasma.
Your stone body is resilient. (AC +8)
You are immune to poison.
You resist negative energy. (rN+)
You are resistant to electric shocks. (rElec)
You are resistant to unholy torment.
You are immune to petrification.
Your natural rate of healing is unusually fast.


Message History

You block the tengu warrior's attack. x2
The tengu warrior claws you but does no damage.
You block the skeletal warrior's attack.
The cyclops barely misses you.
The tengu warrior hits you but does no damage.
The tengu warrior pecks you but does no damage.
The tengu warrior claws you but does no damage.
The tengu warrior blocks your attack.
The tengu warrior is severely wounded.
You completely miss the skeletal warrior.
You hit the cyclops.
The skeletal warrior hits you but does no damage.
You block the tengu warrior's attack. x3; The cyclops hits you!!
You block the skeletal warrior's attack.
You hit the tengu warrior.
The tengu warrior is severely wounded.
You barely miss the skeletal warrior. You hit the cyclops but do no damage.
You block the tengu warrior's attack. The tengu warrior pecks you.
The tengu warrior claws you but does no damage.
You block the cyclops's attack.
The skeletal warrior hits you with a +0 hand axe!
* * * LOW HITPOINT WARNING * * *
The tengu warrior completely misses you.
The tengu warrior pecks you but does no damage.
You block the tengu warrior's attack. The tengu warrior blocks your attack.
The tengu warrior is severely wounded.
You slash the cyclops! You barely miss the skeletal warrior.
You hit the skeletal warrior but do no damage.
The skeletal warrior hits you with a +0 hand axe.
* * * LOW HITPOINT WARNING * * *
The skeletal warrior hits you but does no damage.
You block the tengu warrior's attack. The tengu warrior pecks you.
* * * LOW HITPOINT WARNING * * *
The tengu warrior claws you but does no damage.
The cyclops hits you but does no damage.
The skeletal warrior hits you with a +0 mace.
* * * LOW HITPOINT WARNING * * *
The skeletal warrior hits you with a +0 hand axe.
You die...

#.................
#...........####
#...........#
#.>.........#
#....##+##..##
#....# #...# #....#
#...# ..
#.[†##########
#.....@Qz.....
........zzC......
..................
......########.####
####.. .# #.. # #..


You could see 3 skeletal warriors, a tengu warrior and a cyclops.

Vanquished Creatures
  Gastronok (D:8)
  2 two-headed ogres
  A necromancer (D:10)
  An orc sorcerer (Bailey)
  A manticore (D:13)
  2 cyclopes (D:11)
  A gargoyle (D:10)
  A komodo dragon (D:8)
  A kobold demonologist (Bailey)
  3 polar bears (D:8)
  3 trolls
  Prince Ribbit (D:9)
  A hornet (D:10)
  A shadow (D:9)
  A wyvern (D:9)
  Eustachio (D:4)
  23 yaks
  6 vampire mosquitoes
  A steam dragon (D:9)
  2 acid dragons
  The ghost of bande the Covered, an amateur GrFi (D:2)
  3 water moccasins
  14 orc warriors
  2 ice beasts
  2 black bears
  A sky beast (D:7)
  4 ogres
  A wolf (D:8)
  6 centaurs
  A phantom (D:5)
  A kobold brigand (D:7)
  A gnoll sergeant (D:4)
  5 bullfrogs
  2 scorpions
  10 killer bees
  6 electric eels
  4 jellies (D:6)
  2 hounds
  A gnoll bouda (D:9)
  4 orc priests
  2 iguanas (D:6)
  4 sleepcaps
  7 orc wizards
  Natasha (thrice) (D:2)
  5 polar bear simulacra (D:10)
  4 wolf simulacra (D:10)
  A centaur simulacrum (D:8)
  6 adders
  10 gnolls
  7 white imps
  2 ufetubi
  2 worms
  9 dart slugs
  2 adder simulacra (D:3)
  27 orcs
  2 ball pythons
  8 bats
  6 endoplasms
  3 giant cockroaches (D:4)
  12 goblins
  10 hobgoblins
  5 jackals
  3 quokkas
  7 frilled lizards
  2 giant cockroach simulacra (D:3)
  2 jackal simulacra (D:3)
  5 kobolds
  A quokka simulacrum (D:3)
  4 rats
  2 river rat simulacra (D:10)
288 creatures vanquished.

Vanquished Creatures (others)
  A howler monkey (D:9)
  An electric eel (D:13)
2 creatures vanquished.

Grand Total: 290 creatures vanquished

Notes
Turn   | Place    | Note
-------+----------+-------------------------------------------
     0 | D:1      | bande the Gargoyle Fighter began the quest for the Orb.
     0 | D:1      | Reached XP level 1. HP: 14/14 MP: 1/1
    59 | D:1      | Found Nuciana's Jewellery Emporium.
   210 | D:1      | Reached XP level 2. HP: 13/19 MP: 2/2
   349 | D:1      | Reached skill level 2 in Axes
   378 | D:1      | Found Deypaw's Jewellery Shoppe.
   533 | D:1      | Found Vedee's Distillery.
   548 | D:1      | Bought a potion of degeneration for 11 gold pieces
   688 | D:2      | Noticed Natasha
   694 | D:2      | Killed Natasha
   695 | D:2      | Reached XP level 3. HP: 24/24 MP: 3/3
   709 | D:2      | Reached XP level 4. HP: 29/29 MP: 4/4
   972 | D:2      | Noticed Natasha
   978 | D:2      | Killed Natasha
   979 | D:2      | Reached skill level 3 in Axes
  1121 | D:2      | Found an ancient bone altar of Kikubaaqudgha.
  1394 | D:2      | Noticed Natasha
  1409 | D:2      | Killed Natasha
  1410 | D:2      | Reached XP level 5. HP: 13/33 MP: 5/5
  1871 | D:3      | Found a runed translucent gate.
  1876 | D:3      | Found a runed translucent gate.
  1922 | D:3      | Found a runed translucent gate.
  1970 | D:3      | Noticed bande's ghost (amateur GrFi)
  2296 | D:2      | Killed bande's ghost
  2297 | D:2      | Reached skill level 4 in Axes
  2297 | D:2      | Reached XP level 6. HP: 7/38 MP: 6/6
  3400 | D:4      | Found a hazy altar of Hepliaklqana.
  3485 | D:4      | Found a broken altar of Ashenzari.
  3566 | D:4      | Found a snail-covered altar of Cheibriados.
  3724 | D:4      | Reached skill level 5 in Armour
  3724 | D:4      | Reached XP level 7. HP: 17/44 MP: 7/7
  3732 | D:4      | Reached skill level 5 in Axes
  4023 | D:4      | Found a staircase to the Ecumenical Temple.
  4030 | Temple   | Entered the Ecumenical Temple
  4377 | D:4      | Noticed Eustachio
  4403 | D:4      | Killed Eustachio
  4698 | D:4      | Found Qaphou's Book Emporium.
  5082 | D:5      | Entered Level 5 of the Dungeon
  5221 | D:5      | Got Pemifun's Compendium of the Mantidfly
  5279 | D:5      | Reached XP level 8. HP: 33/48 MP: 8/8
  5284 | D:5      | Reached skill level 6 in Axes
  5692 | D:5      | Reached skill level 5 in Fighting
  6583 | D:6      | Noticed a +0 spear
  6583 | D:6      | Noticed a +0 falchion
  6583 | D:6      | Noticed a +0 falchion
  6583 | D:6      | Noticed a +0 spear
  6584 | D:6      | Noticed a +0 dagger
  6584 | D:6      | Noticed a +0 short sword
  6585 | D:6      | Noticed a +0 short sword
  6586 | D:6      | Noticed a +0 dagger
  6602 | D:6      | Found a hide-covered altar of Uskayaw.
  6605 | D:6      | Reached skill level 7 in Axes
  6680 | D:6      | Reached XP level 9. HP: 45/54 MP: 9/9
  6823 | D:6      | Found Caciph's Armour Emporium.
  6939 | D:6      | Found a blossoming altar of Fedhas.
  6941 | D:6      | Found a shimmering altar of Xom.
  6941 | D:6      | Found a hide-covered altar of Uskayaw.
  6943 | D:6      | Found an iron altar of Okawaru.
  6943 | D:6      | Found a shimmering altar of Xom.
  6943 | D:6      | Found a blossoming altar of Fedhas.
  7016 | D:6      | Found Mamoures's Armour Emporium.
  7024 | D:6      | Bought a +1 tower shield of reflection for 175 gold pieces
  7187 | D:6      | Found an iron altar of Okawaru.
  7218 | D:6      | Found Kuzurinosu's General Store.
  7305 | D:6      | Reached skill level 5 in Shields
  7305 | D:6      | Reached skill level 1 in Evocations
  7563 | D:6      | Found Cawiqoy's General Store.
  7846 | D:7      | Found a flagged portal.
  7860 | Bailey   | Entered a bailey
  7881 | Bailey   | Reached skill level 8 in Axes
  9104 | Bailey   | Noticed an orc sorcerer
  9106 | Bailey   | Noticed an orange demon
  9113 | Bailey   | Noticed an orange demon
  9124 | Bailey   | Noticed a hellwing
  9128 | Bailey   | Killed an orc sorcerer
  9489 | Bailey   | Reached XP level 10. HP: 52/61 MP: 10/10
 10239 | Bailey   | Acquired 725 gold pieces
 10281 | Bailey   | Found an iron altar of Okawaru.
 10281 | Bailey   | Noticed a kobold demonologist
 10310 | Bailey   | Reached skill level 9 in Axes
 10315 | Bailey   | Killed a kobold demonologist
 10770 | D:7      | Acquired a +0 crystal plate armour
 10822 | D:7      | Gained mutation: Your natural rate of healing is unusually
                  | fast. [potion of mutation]
 11803 | D:8      | HP: 3/61 [wolf (5)]
 12220 | D:8      | Noticed Gastronok
 12236 | D:8      | Killed Gastronok
 12293 | D:8      | Reached XP level 11. HP: 63/67 MP: 11/11
 12300 | D:8      | Found a staircase to the Lair.
 12348 | D:8      | Reached skill level 10 in Axes
 12354 | D:8      | Identified the +1 ring mail "Ytziolob" {Int+3 Dex+3}
 12754 | D:9      | Noticed a two-headed ogre
 12758 | D:9      | Killed a two-headed ogre
 12759 | D:9      | Reached skill level 5 in Evocations
 13010 | D:9      | Noticed Prince Ribbit
 13026 | D:9      | Killed Prince Ribbit
 13128 | D:9      | Found a glowing golden altar of the Shining One.
 13218 | D:9      | Found Isybau's Tiny Tomes.
 13341 | D:9      | Found an opulent altar of Gozag.
 13469 | D:9      | Found an ancient bone altar of Kikubaaqudgha.
 13518 | D:10     | Entered Level 10 of the Dungeon
 13572 | D:10     | Noticed a necromancer
 13581 | D:10     | Killed a necromancer
 13758 | D:10     | Reached skill level 11 in Axes
 13837 | D:10     | Reached XP level 12. HP: 75/75 MP: 12/12
 13934 | D:10     | Found a blossoming altar of Fedhas.
 14133 | D:10     | Found a stormy altar of Qazlal.
 14134 | D:10     | Found a shimmering blue altar of Sif Muna.
 14292 | D:11     | Noticed a two-headed ogre
 14299 | D:11     | Killed a two-headed ogre
 14339 | D:11     | Reached skill level 10 in Shields
 14361 | D:11     | Found Fruh's Fabulous Fripperies.
 14420 | D:11     | You fall into a shaft and drop 2 floors!
 14463 | D:13     | Noticed a tengu warrior
 14475 | D:13     | Slain by a skeletal warrior

Illustrated notes

Levels and vault maps discovered:
D:1:      minmay_arrival_solitary_statue, layout_loops_ring, serial_shops, shop,
          nicolae_shop_stone, shop
D:2:      cheibrodos_helix_gallery, layout_loops_ring, basic_altar,
          hangedman_glass_teeth, uniq_natasha
D:3:      layout_loops_cross, gammafunk_ghost_icy
D:4:      layout_loops_corners, mainiacjoe_overflow_concentric_impassable,
          mainiacjoe_overflow_cross_hatched, general_overflow_altar,
          minmay_temple_entry_grid, serial_shops, nicolae_stop_n_shop_1,
          dk_noncrumbling_3, uniq_eustachio
D:5:      kennysheep_slugbush, layout_basic
D:6:      minmay_angry_zag, layout_gridville, nicolae_uskayaw_en_pointe,
          okawaru_trees_2, doesnt_xom_only_xom, serial_shops,
          nicolae_shop_tiny_statue_garden, kennysheep_mini_moat, shop,
          nicolae_shop_tiny_waterfront
D:7:      dreamdust_elfheim, layout_gridville, enter_bailey_2
D:8:      layout_layer_cave, david_lair_shrubbed, serial_ice, serial_ice_k,
          serial_ice_a, serial_ice_h, serial_ice_g, serial_ice_c,
          minmay_misc_feat_enclosed, uniq_gastronok
D:9:      layout_loops_ring, mainiacjoe_overflow_alcove_4,
          mainiacjoe_overflow_divided_tiny, nicolae_shop_i_like_small_books_too,
          nicolae_straight_to_the_point, uniq_prince_ribbit1
D:10:     layout_roguey, nicolae_overflow_hidden_temple, eino_house_with_fridge
D:11:     layout_irregular_city, erik_orc_1, nicolae_alphabet_shops,
          minmay_door_square, st_stairs_10
D:13:     layout_irregular_city, serial_shops, shop, lemuel_freeze_loot_1
Temple:   nicolae_temple_two_arcs

Skill      XL: |  1  2  3  4  5  6  7  8  9 10 11 12 |
---------------+-------------------------------------+-----
Axes           | 2 3 4 5 7 8 9 11 | 11.5
Armour         | 4 5 7 8 9 |  9.7
Fighting       | 4 5 6 7 8 |  8.6
Shields        | 4 6 7 9 10 | 10.3
Evocations     | 2 4 6 |  6.7
Stealth        | |  0.2

Action                     |  1- 3 |  4- 6 |  7- 9 | 10-12 || total
---------------------------+-------+-------+-------+-------++-------
  Melee: War axe           |    77 |   135 |   330 |   497 ||  1039
    Use: Scroll            |       |     5 |    10 |     7 ||    22
         Potion            |       |     2 |     2 |     6 ||    10
 Armour: Scale mail        |    41 |    80 |   183 |       ||   304
         Chain mail        |       |       |    84 |     9 ||    93
         Crystal plate arm |       |       |       |   500 ||   500
         Plate armour      |       |       |       |    31 ||    31
  Dodge: Dodged            |    52 |    75 |   159 |   130 ||   416
  Block: Buckler           |    16 |    29 |    54 |       ||    99
         Tower shield      |       |       |   140 |   601 ||   741
         Reflection        |       |       |       |    19 ||    19

Table legend: (Time is in decaauts)
 A = Elapsed time spent in this place.
 B = Non-inter-level travel time spent in this place.
 C = Inter-level travel time spent in this place.
 D = Time resting spent in this place.
 E = Time spent auto-exploring this place.
 F = Levels seen in this place.
 G = Mean time per level.
                   A        B        C        D        E       F      G
               +--------+--------+--------+--------+--------+-----+--------+
         Total |  14968 |  14680 |    288 |   4466 |   6895 |  14 | 1069.1 |
       Dungeon |  11690 |  11402 |    288 |   2273 |   6735 |  12 |  974.2 |
        Temple |    300 |    300 |      0 |    200 |      0 |   1 |  300.0 |
        Bailey |   2977 |   2977 |      0 |   1992 |    160 |   1 | 2977.0 |
               +--------+--------+--------+--------+--------+-----+--------+

Top non-repeatable levels by time:
  Bailey: 2977 daAuts
     D:4: 2011 daAuts
     D:5: 1484 daAuts
     D:2: 1285 daAuts
     D:8: 1237 daAuts
     D:7: 1045 daAuts
     D:6: 1036 daAuts
     D:3: 940 daAuts
     D:9: 864 daAuts
    D:10: 766 daAuts
     D:1: 709 daAuts
  Temple: 300 daAuts
    D:11: 241 daAuts
    D:13: 67 daAuts
